AoeStats
← El Fantasma de Pancho Villa

Arena

509756650Analyzed
4v4 RM · 3d ago on Sep 27, 2026· 61m 31s· 8 players
Game mode
Random Map
Map size
Large (8 player)
Population
200
Speed
Normal
Resources
Standard
Victory
Conquest
Starting age
Dark Age
Ending age
Imperial Age
RankedLock teamsTeams togetherTeam positionsShared explorationLock speedFull tech treeHidden civsTurbo modeCheats
Victory
Defeat
🇦🇷 Cumans · Argentina
1385
+10
🇦🇷 Bengalis · Argentina
1225
+17
🇦🇷 Bohemians · Argentina
1211
+17
🇦🇷 Portuguese · Argentina
1160
+20
🇲🇽 Italians · Mexico
1284
-18
🇦🇷 Franks · Argentina
1277
-17
🇲🇽 Persians · Mexico
1267
-17
🇺🇸 Cumans · United States
1157
-12
El Fantasma de Pancho Villa
15:35 Feudal Age
15:49 Man-at-Arms
17:26 Scale Mail Armor
17:36 Forging
18:26 Fletching
23:14 Double-Bit Axe
29:17 Wheelbarrow
32:39 Castle Age
30:26 Town Watch
31:21 Padded Archer Armor
36:09 Imperial Age
34:08 Leather Archer Armor
33:25 Crossbowman
35:19 Chain Mail Armor
35:39 Iron Casting
34:29 Pikeman
36:04 Bow Saw
36:12 Bodkin Arrow
36:22 Halberdier
37:04 Squires
37:55 Crossbowman
39:53 Ring Archer Armor
41:31 Chemistry
42:06 Ballistics
47:00 Plate Mail Armor
47:31 Blast Furnace
[GMEX] | The_Spartako
11:03 Feudal Age
12:20 Loom
12:29 Loom
13:12 Double-Bit Axe
13:11 Horse Collar
16:15 Castle Age
17:22 Wheelbarrow
22:54 Bow Saw
25:04 Fletching
25:18 Gold Mining
28:57 Imperial Age
26:56 Stone Mining
27:04 Bodkin Arrow
27:09 Padded Archer Armor
27:15 Heavy Plow
29:27 Leather Archer Armor
31:25 Chemistry
30:58 Treadmill Crane
32:27 Bracer
32:57 Ring Archer Armor
33:44 Two-Man Saw
33:39 Ballistics
37:00 Hand Cart
36:43 Town Watch
36:30 Elite Genoese Crossbowman
37:31 Conscription
41:39 Hoardings
42:52 Crop Rotation
42:49 Elite Skirmisher
43:35 Thumb Ring
50:15 Fortified Wall
50:15 Masonry
54:46 Murder Holes
55:22 Architecture
AlejoGuitar08
8:22 Loom
10:14 Feudal Age
14:34 Castle Age
13:09 Double-Bit Axe
19:30 Town Watch
20:22 Wheelbarrow
21:14 Forging
21:11 Scale Barding Armor
23:04 Hand Cart
22:35 Loom
22:36 Town Watch
24:28 Iron Casting
24:14 Chain Barding Armor
24:54 Bow Saw
24:59 Husbandry
28:13 Gold Mining
33:45 Imperial Age
33:56 Cavalier
36:36 Blast Furnace
36:12 Plate Barding Armor
36:12 Paladin
59:07 Scale Mail Armor
Boywars
9:49 Feudal Age
8:40 Loom
15:09 Castle Age
13:58 Double-Bit Axe
13:55 Horse Collar
16:59 Bow Saw
27:33 Heavy Plow
28:50 Scale Barding Armor
28:56 Forging
31:28 Imperial Age
29:25 Husbandry
29:35 Bloodlines
32:23 Iron Casting
34:09 Scale Mail Armor
34:30 Chain Barding Armor
36:22 Blast Furnace
35:13 Fletching
34:49 Heavy Camel Rider
37:02 Plate Barding Armor
36:14 Heavy Camel Rider
39:16 Heavy Camel Rider
The Wax
11:25 Feudal Age
15:04 Castle Age
13:24 Horse Collar
14:55 Loom
15:08 Double-Bit Axe
17:39 Bow Saw
17:39 Heavy Plow
21:32 Wheelbarrow
24:12 Hand Cart
28:05 Imperial Age
27:10 Ballistics
26:47 Fletching
26:57 Padded Archer Armor
27:53 Bodkin Arrow
28:13 Leather Archer Armor
31:24 Chemistry
30:28 Bracer
30:58 Ring Archer Armor
30:40 Elite Elephant Archer
31:48 Bloodlines
35:33 Paiks
35:49 Conscription
35:40 Heavy Scorpion
49:17 Light Cavalry
49:57 Husbandry
51:44 Scale Barding Armor
51:49 Forging
56:21 Siege Elephant
59:16 Elite Skirmisher
ERUCTO DE SALAME
9:50 Feudal Age
13:42 Castle Age
12:31 Horse Collar
12:54 Double-Bit Axe
14:57 Bow Saw
15:19 Loom
15:57 Heavy Plow
17:36 Town Watch
19:33 Fervor
20:09 Wheelbarrow
21:28 Fletching
26:58 Hand Cart
33:09 Imperial Age
32:17 Chemistry
32:08 Scale Mail Armor
31:30 Pikeman
32:10 Squires
33:34 Murder Holes
34:30 Masonry
34:50 Conscription
36:41 Arson
37:52 Chain Mail Armor
37:47 Forging
37:49 Halberdier
39:57 Siege Engineers
41:29 Iron Casting
42:16 Houfnice
44:34 Plate Mail Armor
45:56 Blast Furnace
45:55 Bodkin Arrow
47:34 Ballistics
47:25 Wagenburg Tactics
54:10 Bracer
EL CABALLERO
8:54 Feudal Age
9:54 Double-Bit Axe
9:52 Horse Collar
17:16 Wheelbarrow
21:01 Castle Age
19:55 Gold Mining
21:50 Heavy Plow
22:01 Bow Saw
22:08 Hand Cart
26:59 Imperial Age
24:42 Scale Barding Armor
24:48 Forging
25:16 Gold Shaft Mining
26:19 Chain Barding Armor
25:52 Stone Mining
25:52 Loom
25:53 Town Watch
27:09 Bloodlines
27:20 Bloodlines
28:22 Iron Casting
29:13 Plate Barding Armor
28:10 Cavalier
30:26 Blast Furnace
30:06 Paladin
32:03 Fletching
34:07 Padded Archer Armor
42:39 Conscription
42:23 Steppe Husbandry
45:11 Bodkin Arrow
48:27 Leather Archer Armor
50:17 Masonry
53:41 Elite Skirmisher
59:00 Ring Archer Armor
62:59 Chemistry
MrCochinote
8:53 Loom
11:35 Feudal Age
15:19 Castle Age
18:16 Wheelbarrow
18:12 Double-Bit Axe
19:14 Horse Collar
21:04 Gold Mining
25:49 Bow Saw
25:42 Heavy Plow
31:49 Imperial Age
34:45 Ballistics
Connection lost

Rejoining the realm…

Still unreachable

The connection could not be restored.

Session expired

The server has moved on; the page needs a fresh start.